 Dungeon Crawl Stone Soup version 0.31-a0-1321-g5021b54cb2 (webtiles) character file.

Game seed: 15631449928854694778

9733 bmb222 the Carver (level 11, -7/85 HPs)
             Began as a Formicid Monk on Dec 20, 2023.
             Was a High Priest of Okawaru.
             Mangled by a black mamba (16 damage)
             ... on level 1 of the Lair of Beasts.
             The game lasted 00:12:32 (10408 turns).

bmb222 the Carver (Formicid Monk)                  Turns: 10408, Time: 00:12:32

Health: -7/85      AC: 15    Str: 20    XL:     11   Next: 79%
Magic:  14/16      EV:  9    Int: 10    God:    Okawaru [*****.]
Gold:   845        SH:  7    Dex: 16    Spells: 10/10 levels left

rFire   + . .        s - +8 demon blade "Leech" {evervamp, Harm ^Drain rN+}
rCold   + . .        A - +0 buckler
rNeg    + . .        B - +1 chain mail {rC+}
rPois   +            (helmet unavailable)
rElec   .            (no cloak)
rCorr   .            j - +0 pair of gloves
SInv    +            F - +0 pair of boots
Will    +....        (no amulet) Stlth
                     i - ring of protection from fire
HPRegen 0.34/turn    p - ring of poison resistance
MPRegen 0.15/turn

%: harm (+30% outgoing, +20% incoming)
@: heroic, weakened, grasped by roots, constricted
A: permanent stasis, dig shafts and tunnels, antennae 3, four strong arms
a: Dig, Shaft Self, Renounce Religion, Heroism, Finesse, Duel


You were on level 1 of the Lair of Beasts.
You worshipped Okawaru.
Okawaru was extremely pleased with you.
You visited 3 branches of the dungeon, and saw 12 of its levels.
You also visited: Sewer.

You collected 845 gold pieces.

Inventory:

Hand Weapons
 a - a +0 hand axe of venom
 s - the +8 demon blade "Leech" (weapon) {evervamp, Harm ^Drain rN+}
   (You took it off an orc on level 8 of the Dungeon)

   rN+:       It protects you from negative energy.
   ^Drain:    It drains your maximum health when unequipped.
   Harm:      It increases damage dealt and taken.
 I - a +0 broad axe of holy wrath
Armour
 b - a +0 robe
 d - an orb of light
 j - a +0 pair of gloves (worn)
 k - a +0 ring mail
 v - a +2 pair of boots of rampaging
 A - a +0 buckler (worn)
 B - a +1 chain mail of cold resistance (worn)
 F - a +0 pair of boots (worn)
Jewellery
 i - a ring of protection from fire (left hand)
 l - a ring of protection from cold
 p - a ring of poison resistance (right hand)
 E - a +4 ring of protection
 K - a ring of protection from cold
 M - a ring of ice
Wands
 n - a wand of flame (10)
 y - a wand of paralysis (31)
 L - a wand of roots (4)
Scrolls
 e - 2 scrolls of revelation
 q - 3 scrolls of vulnerability
 t - 3 scrolls of teleportation
 u - a scroll of silence {unknown}
 w - 4 scrolls of blinking
 C - 2 scrolls of fog
 D - a scroll of poison
 J - a scroll of identify
 O - a scroll of fear
Potions
 c - 3 potions of ambrosia
 f - 6 potions of enlightenment
 g - a potion of magic
 h - 2 potions of heal wounds
 m - a potion of resistance
 o - 6 potions of curing
 r - 2 potions of degeneration
 x - a potion of mutation {unknown}
 z - a potion of invisibility {unknown}
 G - 4 potions of attraction {unknown}
 H - a potion of might {unknown}
 N - a potion of haste {unknown}


   Skills:
 - Level 7.7(12.7) Fighting
 * Level 9.9(14.9) Long Blades
 - Level 9.3(14.3) Axes
 - Level 5.9(10.9) Armour
 - Level 3.1(8.1) Dodging
 - Level 6.7(11.7) Shields
 - Level 7.5 Invocations


You had 10 spell levels left.
You didn't know any spells.
Your spell library contained the following spells:

 Spells                   Type           Power      Damage    Failure   Level
 Magic Dart               Conj           0%         1d3       93%         1
 Sandblast                Erth           0%         2d4       93%         1
 Cigotuvi's Dreadful Rot  Necr/Alch/Air  0%         N/A       98%         2
 Fugue of the Fallen      Necr           0%         N/A       100%        3
 Ozocubu's Armour         Ice            0%         N/A       100%        3
 Cause Fear               Hex            0%         N/A       100%        4
 Ignite Poison            Fire/Alch      0%         N/A       100%        4
 Leda's Liquefaction      Alch/Erth      0%         N/A       100%        4
 Manifold Assault         Tloc           0%         N/A       100%        4
 Passage of Golubria      Tloc           0%         N/A       100%        4
 Fireball                 Conj/Fire      0%         3d3       100%        5
 Freezing Cloud           Conj/Ice/Air   0%         6-21      100%        5
 Lee's Rapid Deconstruct  Erth           0%         3d4*      100%        5
 Yara's Violent Unravell  Hex/Alch       0%         3d3       100%        5
 Bombard                  Conj/Erth      0%         9d1       100%        6
 Fire Storm               Conj/Fire      0%         5d1       100%        9
 Blink                    Tloc           Unusable   N/A       N/A         2
 Call Imp                 Summ           Unusable   N/A       N/A         2
 Tukima's Dance           Hex            Unusable   N/A       N/A         3
 Summon Ice Beast         Ice/Summ       Unusable   N/A       N/A         4
 Summon Mana Viper        Hex/Summ       Unusable   N/A       N/A         5
 Monstrous Menagerie      Summ           Unusable   N/A       N/A         7
 Dragon's Call            Summ           Unusable   N/A       N/A         9

Dungeon Overview and Level Annotations

Branches:
Dungeon (10/15)            Temple (1/1) D:6            Lair (1/5) D:9
    Orc (0/2) D:9           Sewer (visited)

Altars:
Ashenzari
Cheibriados
Dithmenos
Elyvilon
Fedhas
Gozag
Hepliaklqana
Kikubaaqudgha
Makhleb
Nemelex Xobeh
Okawaru
Qazlal
Ru
Sif Muna
Trog
Uskayaw
Vehumet
Wu Jian
Xom
Yredelemnul
Zin
The Shining One

Shops:
D:1 ?(!   D:4 ?*?[   D:10 *

Annotations:
D:3 1 runed translucent door, Curundu's ghost, amateur MiBe
Lair:1 Amaemon


Innate Abilities, Weirdness & Mutations

You cannot be hasted, slowed, berserked, paralysed or teleported.
You can dig through walls and to a lower floor.
You have a pair of large antennae on your head. (SInv)
Your four strong arms can wield two-handed weapons with a shield.


Message History

* * * LOW HITPOINT WARNING * * *
Amaemon closely misses you. The grasping roots constrict you.
* * * LOW HITPOINT WARNING * * *
The orange demon misses you. The orange demon hits you.
* * * LOW HITPOINT WARNING * * *
You block the black mamba's attack.
The scorpion stings the fungus.
Unknown command.
You fail to use your ability.
The black mamba closely misses you. You block Amaemon's attack.
Amaemon claws you but does no damage. Amaemon closely misses you.
The grasping roots constrict you.
* * * LOW HITPOINT WARNING * * *
The orange demon barely misses you.
The orange demon hits you but does no damage.
The scorpion stings the fungus.
The black mamba bites you but does no damage.
The grasping roots release their grip on you.
You slice Amaemon!!
You feel better.
Amaemon is severely wounded.
Amaemon gestures at the scorpion while chanting.
The scorpion seems to grow toxic.
The orange demon stings you!
* * * LOW HITPOINT WARNING * * *
The orange demon hits you but does no damage.
The black mamba misses you.
The scorpion stings the fungus.
You barely miss Amaemon.
Amaemon is severely wounded.
A nearby fungus withers and dies.
The orange demon no longer looks unusually toxic.
The black mamba closely misses you.
Amaemon zaps a wand.
The roots erupt in riotous growth!
The grasping roots grab you!
Amaemon is unaffected.
The black mamba is unaffected.
The orange demon is unaffected.
The grasping roots constrict you.
* * * LOW HITPOINT WARNING * * *
The orange demon stings you.
* * * LOW HITPOINT WARNING * * *
The orange demon barely misses you.
You hit Amaemon.
You feel better.
Amaemon is severely wounded.
The black mamba bites you!
You die...

... ##...## ##..
#.. ##...#.# #...
#####.####...####
##..
...#....#...##
#.. #....#.#...P#
#.. #......###
#.. ##(...## #..
##....# #..
#S@.### #..
#.F64## #..
#..s.# #..
#...### #.. #....
#.. #...## #..
...# #.. ..# #..
##..


You could see Amaemon, an orange demon, a black mamba, a cane toad and a
scorpion (summoned, curare).

Vanquished Creatures
  A two-headed ogre (D:7)
  An elephant (D:9)
  A komodo dragon (Lair:1)
  A kobold demonologist (D:9)
  A troll (D:10)
  18 yaks
  2 vampire mosquitoes (D:10)
  An acid dragon (D:10)
  5 water moccasins
  7 orc warriors
  2 ice beasts
  3 black bears
  2 ogres
  2 centaurs
  2 phantoms
  7 kobold brigands
  9 bullfrogs
  2 scorpions (D:6)
  8 wights
  4 killer bees (D:8)
  An electric eel (Lair:1)
  4 jellies
  3 howler monkeys (D:9)
  A hound (D:5)
  11 orc priests
  2 gnoll boudas
  2 sleepcaps (D:8)
  2 iguanas
  5 orc wizards
  7 gnolls
  6 adders
  2 white imps
  4 worms
  3 dart slugs
  48 orcs
  14 endoplasms
  13 giant cockroaches
  14 goblins
  5 hobgoblins
  5 jackals
  28 kobolds
  2 quokkas (Sewer)
  21 ball pythons
  10 bats
  13 frilled lizards
  6 rats
311 creatures vanquished.

Vanquished Creatures (others)
  An orc wizard (D:8)
1 creature vanquished.

Grand Total: 312 creatures vanquished

Notes
Turn   | Place    | Note
-------+----------+-------------------------------------------
     0 | D:1      | bmb222 the Formicid Monk began the quest for the Orb.
     0 | D:1      | Reached XP level 1. HP: 18/18 MP: 1/1
    23 | D:1      | Found Copis's Antique Weapon Shoppe.
    37 | D:1      | Reached XP level 2. HP: 9/24 MP: 2/2
   196 | D:1      | Found Kuwur's Distillery.
   342 | D:1      | Found Rycvu Otu's Magic Scroll Boutique.
   363 | D:1      | Reached XP level 3. HP: 28/30 MP: 3/3
   814 | D:2      | Reached skill level 1 in Armour
   814 | D:2      | Reached XP level 4. HP: 31/37 MP: 4/4
  1229 | D:2      | Found a hazy altar of Hepliaklqana.
  1709 | D:3      | Found a runed translucent door.
  1709 | D:3      | Noticed Curundu's ghost (amateur MiBe)
  2073 | D:3      | Found an ancient bone altar of Kikubaaqudgha.
  2328 | D:4      | Found a stormy altar of Qazlal.
  2392 | D:4      | Found Qeetur's Magic Scroll Shop.
  2410 | D:4      | Reached XP level 5. HP: 41/42 MP: 5/5
  2447 | D:4      | Noticed a phantom
  2459 | D:4      | Reached skill level 1 in Shields
  2480 | D:4      | Killed a phantom
  2481 | D:4      | Reached XP level 6. HP: 22/49 MP: 6/6
  2908 | D:4      | Found Lawkiont's Magic Scroll Emporium.
  3021 | D:4      | Found Oschahae's Antique Armour Shoppe.
  3109 | D:4      | Found Leh Cyez's General Store.
  3339 | D:5      | Entered Level 5 of the Dungeon
  3625 | D:5      | Reached XP level 7. HP: 26/55 MP: 7/7
  3868 | D:5      | Reached skill level 5 in Axes
  4238 | D:5      | Reached skill level 5 in Fighting
  4522 | D:6      | Reached XP level 8. HP: 62/62 MP: 8/8
  4536 | D:6      | Identified the +0 whip of Courage {heavy, Str+3 Int+7}
  4609 | D:6      | Found a glowing drain.
  4643 | D:6      | Reached skill level 5 in Shields
  4653 | D:6      | Identified the +0 robe of Titzill {^Drain Dex+6 SInv}
  4690 | Sewer    | Entered a sewer
  4934 | Sewer    | Reached skill level 5 in Armour
  5194 | D:6      | Found a staircase to the Ecumenical Temple.
  5267 | Temple   | Entered the Ecumenical Temple
  5308 | Temple   | Became a worshipper of Warmaster Okawaru
  5308 | Temple   | Reached * piety under Okawaru
  5308 | Temple   | Reached ** piety under Okawaru
  5810 | D:7      | Reached XP level 9. HP: 56/69 MP: 9/9
  5931 | D:7      | Identified the +3 sling "Quxt" {antimagic, rF++ rC+ rN+
                  | rCorr}
  5971 | D:7      | Noticed a two-headed ogre
  6003 | D:7      | Reached skill level 1 in Invocations
  6003 | D:7      | Killed a two-headed ogre
  6005 | D:7      | Reached *** piety under Okawaru
  6357 | D:7      | Got Riaqenayrr's Lectures on Stones and the Pyre
  6373 | D:7      | Reached skill level 5 in Invocations
  6387 | D:7      | Reached XP level 10. HP: 77/77 MP: 13/13
  8026 | D:8      | Noticed an orc knight
  8037 | D:8      | Reached **** piety under Okawaru
  8539 | D:8      | Reached skill level 1 in Long Blades
  8824 | D:8      | Found a basalt altar of Yredelemnul.
  8914 | D:9      | Reached ***** piety under Okawaru
  8922 | D:9      | Reached XP level 11. HP: 85/85 MP: 16/16
  8926 | D:9      | Reached skill level 5 in Long Blades
  8936 | D:9      | Noticed an elephant
  8949 | D:9      | Killed an elephant
  8978 | D:9      | Noticed a soul eater
  9166 | D:9      | Found a staircase to the Lair.
  9268 | D:9      | Found a staircase to the Orcish Mines.
  9484 | D:10     | Entered Level 10 of the Dungeon
  9495 | D:10     | Received a gift from Okawaru
  9517 | D:10     | Found Onliplurr's Fire Supplies.
  9741 | D:10     | Identified the +0 sling of Emapenu {antimagic, rPois Dex+3}
 10111 | D:10     | Identified the +0 glaive of Dishonesty {drain, rN+ Str+3}
 10264 | Lair:1   | Entered Level 1 of the Lair of Beasts
 10396 | Lair:1   | Noticed Amaemon
 10408 | Lair:1   | Mangled by a black mamba

Illustrated notes

Levels and vault maps discovered:
D:1:      mrwooster_arrival_statue_3, layout_rooms, serial_shops, shop,
          nicolae_shop_industrial_runoff, shop
D:2:      kennysheep_the_goblin_king, layout_loops_cross, basic_altar,
          nicolae_concentric_dashed_squares_mild, kennysheep_cluttered_room,
          minmay_split_cup_large
D:3:      layout_loops_cross, old_standard_altar, serial_forest,
          infiniplex_forest_lined_3, infiniplex_forest_clump_small,
          infiniplex_forest_zigzag_1, infiniplex_forest_clump_curved,
          infiniplex_forest_lined_room_, infiniplex_forest_lined_corner,
          infiniplex_forest_clump_curved, gammafunk_ghost_grave
D:4:      minmay_inner_zag, layout_gridville, grunt_qazlal_sundering,
          serial_shops, nicolae_shop_tiny_real_fake_doors, shop,
          nicolae_shop_pleasant_corner_grove, nicolae_shop_peninsula, hex_medium
D:5:      layout_loops_ring
D:6:      layout_loops_ring, minmay_temple_entry_trees, gup_sewer_entry_glass,
          nicolae_kite_square_tiling_tiny, hangedman_decor_peaks_small,
          corexii_hall_statues_i, nicolae_underground_beach
D:7:      layout_cave_pools, minmay_circle_x
D:8:      layout_loops_ring, kennysheep_mini, special_room [special_room_orc],
          dreamdust_deal_with_the_devil, wad_dig_loot
D:9:      layout_cave_pools, david_lair_generic, orc_david_3
D:10:     layout_rooms, nicolae_shop_fire_sale [nicolae_sub_dead_trees],
          minmay_misc_feat_enclosed, grunt_ministairs_11,
          chequers_serial_rivers_large_b
Temple:   hellmonk_temple_of_storms
Lair:1:   layout_hall_layers, infiniplex_staircase_pool, uniq_amaemon

Skill      XL: |  1  2  3  4  5  6  7  8  9 10 11 |
---------------+----------------------------------+-----
Dodging        | 3 |  3.1
Armour         | 1 2 3 4 5 |  5.9
Fighting       | 4 5 6 7 |  7.7
Axes           | 4 5 6 8 9 |  9.3
Shields        | 2 3 4 6 |  6.7
Invocations    | 5 7 |  7.5
Long Blades    | 4 9 |  9.9

Action                     |  1- 3 |  4- 6 |  7- 9 | 10-12 || total
---------------------------+-------+-------+-------+-------++-------
  Melee: Hand axe          |    87 |   166 |   337 |   244 ||   834
         Demon blade       |       |       |       |   269 ||   269
 Invoke: Heroism           |       |       |       |     3 ||     3
Ability: Dig               |       |       |       |     2 ||     2
  Evoke: Wand              |       |       |     8 |       ||     8
    Use: Scroll            |       |    10 |     8 |       ||    18
         Potion            |       |     5 |       |     1 ||     6
   Stab: Sleeping          |     1 |       |       |       ||     1
         Paralysed         |       |       |     9 |       ||     9
 Armour: Robe              |    45 |       |       |       ||    45
         Ring mail         |    19 |    88 |    24 |       ||   131
         Chain mail        |       |       |   202 |   389 ||   591
  Dodge: Dodged            |    94 |    79 |   107 |   215 ||   495
  Block: Buckler           |       |    24 |    83 |   161 ||   268

Table legend: (Time is in decaauts)
 A = Elapsed time spent in this place.
 B = Non-inter-level travel time spent in this place.
 C = Inter-level travel time spent in this place.
 D = Time resting spent in this place.
 E = Time spent auto-exploring this place.
 F = Levels seen in this place.
 G = Mean time per level.
                   A        B        C        D        E       F      G
               +--------+--------+--------+--------+--------+-----+--------+
         Total |  10496 |   9967 |    529 |   1076 |   6786 |  13 |  807.4 |
       Dungeon |   9957 |   9441 |    516 |   1076 |   6543 |  10 |  995.7 |
        Temple |     52 |     41 |     11 |      0 |      0 |   1 |   52.0 |
          Lair |    139 |    139 |      0 |      0 |    110 |   1 |  139.0 |
         Sewer |    346 |    346 |      0 |      0 |    132 |   1 |  346.0 |
               +--------+--------+--------+--------+--------+-----+--------+

Top non-repeatable levels by time:
     D:8: 1567 daAuts
     D:7: 1503 daAuts
     D:5: 1164 daAuts
     D:4: 1049 daAuts
     D:2: 917 daAuts
     D:6: 902 daAuts
     D:3: 824 daAuts
    D:10: 774 daAuts
     D:9: 655 daAuts
     D:1: 596 daAuts
   Sewer: 346 daAuts
  Lair:1: 139 daAuts
  Temple: 52 daAuts
